 Dungeon Crawl Stone Soup version 0.30-a0-297-g0ec75d9ef4 (webtiles) character file.

Game seed: 10249523810811342693

178 themarg the Trooper (level 5, -1/52 HPs)
             Began as a Hill Orc Monk on Oct 19, 2022.
             Slain by a gnoll
             ... wielding a +0 spear
              (4 damage)
             ... on level 3 of the Dungeon.
             The game lasted 00:06:59 (1939 turns).

themarg the Trooper (Hill Orc Monk)                 Turns: 1939, Time: 00:07:00

Health: -1/52      AC:  6    Str: 16    XL:     5   Next: 58%
Magic:  5/5        EV: 10    Int: 10    God:
Gold:   42         SH:  0    Dex: 13    Spells: 4/4 levels left

rFire   . . .      SeeInvis .    a - +1 hand axe
rCold   . . .      Faith    .    (no shield)
rNeg    . . .      Spirit   .    f - +0 scale mail
rPois   .          Reflect  .    (no helmet)
rElec   .          Harm     .    (no cloak)
rCorr   .          Rampage  .    (no gloves)
Will    .....                    (no boots)
Stlth   +.........               (no amulet)
HPRegen 0.28/turn                (no ring)
MPRegen 0.09/turn                (no ring)

@: weak-willed
A: no striking features
a: no special abilities


You were on level 3 of the Dungeon.
You visited 1 branch of the dungeon, and saw 3 of its levels.

You collected 102 gold pieces.
You spent 60 gold pieces at shops.

Inventory:

Hand Weapons
 a - a +1 hand axe (weapon)
Missiles
 e - 3 boomerangs (quivered)
 h - 9 stones
Armour
 f - a +0 scale mail (worn)
Jewellery
 i - a ring of magical power
Scrolls
 q - a scroll of acquirement {unknown}
Potions
 b - a potion of magic
 c - a potion of ambrosia
 g - a potion of berserk rage {unknown}
 j - a potion of might {unknown}
 m - a potion of attraction {unknown}
 n - 2 potions of curing
 o - a potion of degeneration {unknown}


   Skills:
 * Level 7.2 Fighting
 - Level 4.0 Axes
 - Level 2.4 Dodging
 - Level 2.0 Stealth


You had 4 spell levels left.
You didn't know any spells.
Your spell library was empty.

Dungeon Overview and Level Annotations

Branches:
Dungeon (3/15)

Altars:

Shops:
D:1 *

Annotations:
D:2 1 runed translucent door, Crazy Yiuf
D:3 1 transporter


Message History

You slash the quokka!
You kill the quokka!
You hit the orc.
The orc is severely wounded.
The orc hits you with a +0 club.
You hit the orc.
You kill the orc!
You slash the orc!
You kill the orc!
You hit the quokka. The quokka barely misses you.
You hit the quokka.
You kill the quokka!
You hit something.
You hear some strange, mumbled words.
Something tries to affect you, but you resist.
You hit the orc but do no damage. You hit something but do no damage.
You hear some strange, mumbled words.
A magic dart appears from out of thin air!
The magic dart hits you.
* * * LOW HITPOINT WARNING * * *
The gnoll hits you but does no damage. The orc hits you but does no damage.
You hit the orc.
The orc is lightly wounded.
You barely miss something. The gnoll hits you but does no damage.
You hear some strange, mumbled words.
A puff of flame appears from out of thin air!
The puff of flame hits you.
* * * LOW HITPOINT WARNING * * *
The orc misses you.
You barely miss something. You hit the orc but do no damage.
The gnoll hits you from afar with a +0 spear.
* * * LOW HITPOINT WARNING * * *
Something hits you but does no damage. The orc closely misses you.
You miss something. You barely miss the orc.
The gnoll hits you but does no damage. Something hits you.
* * * LOW HITPOINT WARNING * * *
The orc hits you but does no damage.
You closely miss something. You hit the orc.
The gnoll hits you from afar with a +0 spear.
You die...

##...###.#..#
#..#.#...... ..
#.........###..
#.............
#.........#.#..
#.............
#......g..#.#
#...........#
#######@...##
#:.{o...$..
#..........
#..........
#..........
#..........
#..........
#..........


You could see a gnoll (weak-willed) and an orc.

Vanquished Creatures
  A phantom (D:3)
  A gnoll (D:1)
  2 adders (D:3)
  4 worms
  2 dart slugs (D:1)
  2 orcs (D:3)
  6 bats
  4 endoplasms
  A goblin (D:1)
  5 hobgoblins
  6 jackals
  5 quokkas
  6 ball pythons
  4 frilled lizards
  3 kobolds
  4 rats
56 creatures vanquished.

Notes
Turn   | Place    | Note
-------+----------+-------------------------------------------
     0 | D:1      | themarg the Hill Orc Monk began the quest for the Orb.
     0 | D:1      | Reached XP level 1. HP: 19/19 MP: 1/1
   219 | D:1      | Found a faded altar of an unknown god.
   228 | D:1      | Reached skill level 4 in Fighting
   228 | D:1      | Reached XP level 2. HP: 27/27 MP: 2/2
   463 | D:1      | Reached XP level 3. HP: 31/34 MP: 3/3
   618 | D:1      | Found Meyser's General Store.
   629 | D:1      | Bought a scroll of identify for 24 gold pieces
   826 | D:1      | Reached skill level 5 in Fighting
  1340 | D:1      | Bought a potion of curing for 36 gold pieces
  1548 | D:2      | Reached XP level 4. HP: 42/42 MP: 4/4
  1570 | D:2      | Found a runed translucent door.
  1571 | D:2      | Noticed Crazy Yiuf
  1796 | D:3      | Found a transporter.
  1818 | D:3      | Reached skill level 6 in Fighting
  1873 | D:3      | Noticed a phantom
  1912 | D:3      | Killed a phantom
  1913 | D:3      | Reached skill level 7 in Fighting
  1913 | D:3      | Reached XP level 5. HP: 18/52 MP: 5/5
  1938 | D:3      | HP: 2/52 [something (4)]
  1939 | D:3      | Slain by a gnoll

Illustrated notes

Levels and vault maps discovered:
D:1:      sevenhm_arrival_forest_fort_large_4, layout_basic,
          basic_ecumenical_altar, serial_shops, nicolae_shop_waterfront,
          minmay_crystal_water, wad_floor_pattern_1
D:2:      layout_rooms, uniq_crazy_yiuf_cottage
D:3:      gammafunk_wand_slinger, layout_rooms, gup_sewer_entry_glass

Skill      XL: |  1  2  3  4 |
---------------+-------------+-----
Fighting       | 4 5 7 |  7.2
Stealth        | 2 |  2.0
Axes           | |  4.0
Dodging        | |  2.4

Action                   |  1- 3 |  4- 6 || total
-------------------------+-------+-------++-------
Melee: Hand axe          |   124 |    86 ||   210
       Punch             |     3 |     1 ||     4
  Use: Scroll            |     2 |     3 ||     5
       Potion            |       |     2 ||     2
Armor: Ring mail         |     4 |       ||     4
       Scale mail        |    49 |    41 ||    90
Dodge: Dodged            |    59 |    56 ||   115

Table legend: (Time is in decaauts)
 A = Elapsed time spent in this place.
 B = Non-inter-level travel time spent in this place.
 C = Inter-level travel time spent in this place.
 D = Time resting spent in this place.
 E = Time spent auto-exploring this place.
 F = Levels seen in this place.
 G = Mean time per level.
                   A        B        C        D        E       F      G
               +--------+--------+--------+--------+--------+-----+--------+
         Total |   1963 |   1837 |    126 |     76 |   1234 |   3 |  654.3 |
       Dungeon |   1963 |   1837 |    126 |     76 |   1234 |   3 |  654.3 |
               +--------+--------+--------+--------+--------+-----+--------+

Top non-repeatable levels by time:
     D:1: 942 daAuts
     D:2: 830 daAuts
     D:3: 191 daAuts
